[Event "Early-Titled-Tuesday-Blitz-October-10-2023"]
[Site "Chess.com"]
[Date "2023.10.10"]
[Round "3"]
[White "Herman-NY"]
[Black "lluiss"]
[Result "1-0"]
[WhiteElo "2527"]
[BlackElo "2177"]
[TimeControl "180+1"]
[EndTime "8:28:00 PDT"]
[Termination "Herman-NY won on time"]

1. e4 c5 2. Nf3 d6 3. d4 cxd4 4. Nxd4 Nf6 5. Nc3 g6 6. Be3 Bg7 7. f3 O-O 8. Qd2 Nc6 9. Nb3 a5 10. a4 Be6 11. Bb5 Rc8 12. O-O-O Bxb3 13. cxb3 Nb4 14.
Kb1 Nd7 15. h4 Ne5 16. h5 Qc7 17. Bh6 Bf6 18. hxg6 hxg6 19. Rh3 Rfd8 20. Rdh1 d5 21. exd5 e6 22. Bg5 Bg7 23. Rh8+ Bxh8 24. Rxh8+ Kg7 25. Rh1 Nxd5 26. Ne4 Rh8 27. Re1 Nc6 28. g3 Ne5 29.
Be2 Nxf3 30. Bxf3 1-0

[Event "Early-Titled-Tuesday-Blitz-October-10-2023"]
[Site "Chess.com"]
[Date "2023.10.10"]
[Round "3"]
[White "BeautiFullMindChess"]
[Black "subham777"]
[Result "0-1"]
[WhiteElo "2275"]
[BlackElo "2502"]
[TimeControl "180+1"]
[EndTime "8:28:00 PDT"]
[Termination "subham777 won on time"]

1. e4 e6 2. d4 d5 3. Nd2 c5 4. exd5 Qxd5 5. Ngf3 cxd4 6. Bc4 Qd7 7. O-O Nc6 8. Nb3 Nf6 9. Nbxd4 Nxd4 10. Nxd4 a6 11. a4 Bc5 12. c3 O-O 13. Bg5 Nd5 14.
Re1 h6 15. Bh4 Ne7 16. Qh5 Bxd4 17. cxd4 Nf5 18. Rad1 b5 19. axb5 axb5 20. Bb3 Bb7 21. d5 exd5 22. Qg4 Rfe8 23. Bf6 Rxe1+ 24. Rxe1 Re8 25.
Rd1 Qe6 26. Bc3 Qe4 27. h3 d4 28. Qxe4 Rxe4 29. Bxd4 Rxd4 30. Re1 g6 0-1

[Event "Early-Titled-Tuesday-Blitz-October-10-2023"]
[Site "Chess.com"]
[Date "2023.10.10"]
[Round "3"]
[White "PatzerSmashers"]
[Black "MKlose11"]
[Result "0-1"]
[WhiteElo "2428"]
[BlackElo "2609"]
[TimeControl "180+1"]
[EndTime "8:28:01 PDT"]
[Termination "MKlose11 won on time"]

1. d4 Nf6 2. c4 c5 3. d5 b5 4.
cxb5 a6 5. bxa6 Bxa6 6. Nc3 d6 7. e4 Bxf1 8. Kxf1 Nbd7 9. g3 g6 10. Kg2 Bg7 11. Nf3 O-O 12. Qc2 Qb6 13. a4 Rfb8 14. Ra3 Ng4 15. b3 Qb4 16. Bb2 c4 17. Rha1 cxb3 18.
Qd2 Nc5 19. a5 h5 20. h3 Nxf2 21. e5 Nfe4 22. Qe3 Qc4 23. Nxe4 Nxe4 24. Rc1 Qxd5 25. Ra4 Nc5 26. Rd4 Qb7 27. exd6 exd6 28. Rxd6 Bxb2 29. Rxc5 Bg7 30. Rb6 Qa7 31. Qxb3 Rf8 32. Rbb5 Qe7 33. Rc2 Rac8 34. Rf2 Rc3 35. Qd5 Rd8 36. Qb7 Rd7 37.
Qb8+ Kh7 38. a6 Qe4 0-1

[Event "Early-Titled-Tuesday-Blitz-October-10-2023"]
[Site "Chess.com"]
[Date "2023.10.10"]
[Round "3"]
[White "Vaathi_Coming"]
[Black "Hilary46"]
[Result "0-1"]
[WhiteElo "2871"]
[BlackElo "2673"]
[TimeControl "180+1"]
[EndTime "8:28:03 PDT"]
[Termination "Hilary46 won on time"]

1. b3 e5 2. Bb2 Nc6 3. c4 Nf6 4.
Nf3 d6 5. e3 Be7 6. d4 e4 7.
Nfd2 d5 8. Nc3 Bb4 9. Be2 Ne7 10. cxd5 Nexd5 11. Nxd5 Nxd5 12. O-O f5 13. Rc1 O-O 14.
a3 Bd6 15. g3 Be6 16. Nc4 Kh8 17.
Nxd6 Qxd6 18. Qd2 c6 19. b4 a6 20. Rc5 Rae8 21. Rfc1 g5 22. a4 f4 23. b5 axb5 24.
axb5 fxe3 25. fxe3 cxb5 26. Bxb5 Ra8 27. Be2 Ra2 28.
R1c2 Bh3 29. Bc4 Nb6 30. Rc1 Nxc4 31. R5xc4 Qf6 32. Qe2 Rxb2 33. Qe1 Qf2+ 34. Qxf2 Rbxf2 0-1

[Event "Early-Titled-Tuesday-Blitz-October-10-2023"]
[Site "Chess.com"]
[Date "2023.10.10"]
[Round "3"]
[White "Firouzja2003"]
[Black "gueraumasague"]
[Result "1-0"]
[WhiteElo "3077"]
[BlackElo "2524"]
[TimeControl "180+1"]
[EndTime "8:28:03 PDT"]
[Termination "Firouzja2003 won by checkmate"]

1. d4 g6 2. e4 Nf6 3. e5 Nh5 4. Nf3 d6 5. Bc4 Nc6 6. O-O Bg7 7. exd6 cxd6 8. h3 O-O 9. Re1 Nf6 10. c3 Bd7 11. Bg5 a6 12. Nbd2 b5 13.
Bb3 Re8 14. Ne4 Nxe4 15. Rxe4 Na5 16. Bd5 Bc6 17. Bxc6 Nxc6 18. d5 Ne5 19. Nxe5 Bxe5 20. Qe2 Qd7 21. Bh6 Rac8 22. Re1 Rc5 23. f4 Bf6 24. g4 Rc7 25. f5 Be5 26. fxg6 hxg6 27. Bf4 Bg7 28. h4 Rc4 29. Rxc4 bxc4 30. Kg2 e5 31.
Be3 Qb5 32. Rd1 Rb8 33. Rd2 a5 34. h5 a4 35. Qf3 Qd7 36. hxg6 fxg6 37. Qe4 Qe8 38.
Qxc4 a3 39. b4 e4 40. Bd4 Qd7 41. Qe2 Re8 42. Bxg7 Kxg7 43. Rd4 e3 44. b5 Re5 45.
Rb4 Qb7 46. c4 Qb6 47. Rb3 Re4 48. Kf3 Qd4 49. Rxe3 Rf4+ 50. Kg3 Qxc4 51. Re7+ Kh6 52. Qh2+ Kg5 53. Qh4# 1-0

[Event "Early-Titled-Tuesday-Blitz-October-10-2023"]
[Site "Chess.com"]
[Date "2023.10.10"]
[Round "3"]
[White "meoluoi91"]
[Black "Rozhkov_V"]
[Result "1-0"]
[WhiteElo "2609"]
[BlackElo "2424"]
[TimeControl "180+1"]
[EndTime "8:28:04 PDT"]
[Termination "meoluoi91 won on time"]

1. Nf3 Nf6 2. d4 d5 3. c4 dxc4 4. e3 Bg4 5. Bxc4 e6 6. h3 Bh5 7. Nbd2 Bd6 8. Qb3 O-O 9. Qxb7 Nbd7 10. Qb3 Rb8 11. Qd3 c5 12. O-O cxd4 13. exd4 e5 14. dxe5 Nxe5 15. Nxe5 Bxe5 16. Qxd8 Rfxd8 17. Bb3 Nd5 18. Nc4 Bf6 19. Bd2 Be2 20. Rfe1 Bxc4 21. Bxc4 h6 22.
Rad1 Bxb2 23. Ba5 Nb6 24. Bb3 Bf6 25. g4 Rxd1 26. Rxd1 Rd8 27. Re1 Rc8 28. Kg2 Rc5 29. Bb4 Rc8 30. Re2 Nd7 31. Bd5 Ne5 32. Be4 Rc4 33. Bd6 Nd7 34. Bf5 1-0

[Event "Early-Titled-Tuesday-Blitz-October-10-2023"]
[Site "Chess.com"]
[Date "2023.10.10"]
[Round "3"]
[White "Javylavilla"]
[Black "Witty_Alien"]
[Result "0-1"]
[WhiteElo "2398"]
[BlackElo "2228"]
[TimeControl "180+1"]
[EndTime "8:28:04 PDT"]
[Termination "Witty_Alien won by checkmate"]

1. e4 c5 2. Nf3 d6 3. d4 cxd4 4. Nxd4 Nf6 5. Nc3 a6 6. Bg5 e6 7. f4 Qc7 8. Qf3 b5 9. a3 Be7 10. O-O-O Bb7 11. g4 h6 12. Bxf6 Bxf6 13. Bxb5+ axb5 14. Ndxb5 Qb6 15. Rxd6 Nc6 16. f5 O-O 17. Rd7 Ne5 18.
Rxb7 Qxb7 19. Qe2 Rfd8 20. h4 Rac8 21. g5 hxg5 22. hxg5 Bxg5+ 23. Kb1 Rxc3 24. Nxc3 Rc8 25. Qh5 Bh6 26. fxe6 f6 27. Nd5 Nc4 28. Nb4 Nd2+ 29.
Ka2 Qxb4 30. Qf7+ Kh7 31. Rxh6+ Kxh6 32. Qa7 Qc4+ 33. Ka1 Qxc2 34. Qe3+ g5 35. Qh3+ Kg7 36. Qf5 Qc1+ 37. Ka2 Qb1# 0-1

[Event "Early-Titled-Tuesday-Blitz-October-10-2023"]
[Site "Chess.com"]
[Date "2023.10.10"]
[Round "3"]
[White "tarno17"]
[Black "levallem"]
[Result "0-1"]
[WhiteElo "2146"]
[BlackElo "2388"]
[TimeControl "180+1"]
[EndTime "8:28:04 PDT"]
[Termination "levallem won by resignation"]

1. e4 c5 2. Nf3 g6 3. d3 Bg7 4. g3 Nc6 5. Bg2 d6 6. O-O e5 7. c3 Bg4 8. h3 Bxf3 9. Qxf3 Nge7 10. Nd2 O-O 11. Nc4 b5 12. Ne3 b4 13. Nd5 bxc3 14. bxc3 Nxd5 15. exd5 Ne7 16. g4 f5 17.
Bg5 Qd7 18. Rab1 Rab8 19. Rfe1 Rxb1 20. Rxb1 Nc8 21. Rb8 Nb6 22. Rxf8+ Bxf8 23. gxf5 Qxf5 24. Qg3 Na4 25. Be4 Qf7 26. c4 Nc3 27. h4 Ne2+ 28. Kg2 Nxg3 29. fxg3 Be7 30. Bh6 Bf8 31. Bg5 h6 32. Be3 Kg7 33. g4 Be7 34. h5 gxh5 35. gxh5 Qxh5 36. Bf3 Qg6+ 37. Kf2 Bg5 38. Be4 Bxe3+ 39.
Kxe3 Qg3+ 40. Kd2 h5 41. Kc3 h4 42. a4 h3 43. a5 h2 44. a6 Qg1 0-1

[Event "Early-Titled-Tuesday-Blitz-October-10-2023"]
[Site "Chess.com"]
[Date "2023.10.10"]
[Round "3"]
[White "Zavgorodniy_Sergiy"]
[Black "DvaHrasta"]
[Result "1-0"]
[WhiteElo "2626"]
[BlackElo "2448"]
[TimeControl "180+1"]
[EndTime "8:28:06 PDT"]
[Termination "Zavgorodniy_Sergiy won on time"]

1. e4 c6 2. d4 d5 3. exd5 cxd5 4. c4 Nf6 5. Nc3 Nc6 6. Nf3 Bg4 7. cxd5 Nxd5 8. Qb3 Bxf3 9. gxf3 Nb6 10. Be3 e6 11.
Rg1 Be7 12. Rxg7 Bf6 13. Rg4 h5 14. Re4 Bxd4 15. Bxd4 Nxd4 16. Bb5+ Nxb5 17. Qxb5+ Qd7 18. Qe5 Rg8 19. Rd4 Qc6 20. O-O-O Rc8 21. Kb1 Ke7 22. Qxh5 Rg7 23. Qh4+ f6 24. a3 a5 25. Qh6 Rf7 26. Ne4 Qc2+ 27. Ka1 Rc7 28. Qh8 Rc8 29. Qh4 Rc7 30.
R4d2 Qb3 31. Rd3 Qc2 32. Qf4 Nd5 33. Qd2 Qxd2 34. R3xd2 Rh7 35. Rh1 Rh3 36. Ng3 1-0

[Event "Early-Titled-Tuesday-Blitz-October-10-2023"]
[Site "Chess.com"]
[Date "2023.10.10"]
[Round "3"]
[White "azikom"]
[Black "RianKapriaga"]
[Result "1-0"]
[WhiteElo "2600"]
[BlackElo "2296"]
[TimeControl "180+1"]
[EndTime "8:28:06 PDT"]
[Termination "azikom won on time"]

1. e4 c6 2. Nc3 d5 3. Nf3 Bg4 4. h3 Bxf3 5. Qxf3 Nf6 6. d3 e6 7.
Bd2 Bd6 8. g4 O-O 9. Qg2 Nbd7 10. O-O-O Qc7 11. g5 Ne8 12. Kb1 b5 13. h4 b4 14. Ne2 a5 15. h5 b3 16. cxb3 a4 17.
b4 a3 18. b3 Rb8 19. g6 fxg6 20. hxg6 h6 21. f4 Bxb4 22. Bc1 Nd6 23. e5 Nf5 24.
Qf3 c5 25. Bh3 Nb6 26. Bg4 c4 27. dxc4 dxc4 28. Bxf5 exf5 29. Nd4 cxb3 30. Qxb3+ Kh8 31. Ne6 Qc6 32. Nxf8 Bxf8 33. Ka1 Nd7 34. Qd3 Bb4 35. Bd2 Nc5 36. Qc2 Bxd2 37. Qxd2 1-0

[Event "Early-Titled-Tuesday-Blitz-October-10-2023"]
[Site "Chess.com"]
[Date "2023.10.10"]
[Round "3"]
[White "Anton_Demchenko"]
[Black "attack2mateU"]
[Result "0-1"]
[WhiteElo "3002"]
[BlackElo "2728"]
[TimeControl "180+1"]
[EndTime "8:28:07 PDT"]
[Termination "attack2mateU won on time"]

1. e4 c5 2. Nc3 d6 3. Bb5+ Bd7 4. a4 Nc6 5. f4 g6 6. Nf3 Bg7 7.
d3 e6 8. O-O Nge7 9. Be3 a6 10.
Bc4 Nd4 11. Bxd4 cxd4 12. Ne2 d5 13. Bb3 Qb6 14. Kh1 dxe4 15. dxe4 Bc6 16. Ng3 O-O-O 17.
Qd3 h5 18. h4 Kb8 19. Ng5 Rhf8 20. Ne2 Ng8 21. Ng1 Nf6 22. N1h3 Ng4 23. Nf2 Ne3 24.
Rfe1 e5 25. fxe5 Bxe5 26. Kg1 Qc7 27. Re2 Bh2+ 28. Kh1 Bg3 29. Nf3 Bxf2 30. Rxf2 Qg3 31. Re2 f5 32. Nxd4 Qxh4+ 33. Kg1 Ng4 34. Nf3 Qg3 35. Qc3 fxe4 36. Rxe4 Qf2+ 0-1

[Event "Early-Titled-Tuesday-Blitz-October-10-2023"]
[Site "Chess.com"]
[Date "2023.10.10"]
[Round "3"]
[White "rikchessmx"]
[Black "Sergey85Rodchenkov"]
[Result "1/2-1/2"]
[WhiteElo "2291"]
[BlackElo "2495"]
[TimeControl "180+1"]
[EndTime "8:28:07 PDT"]
[Termination "Game drawn by repetition"]

1. e4 c5 2. Nf3 d6 3. d4 cxd4 4.
Nxd4 Nf6 5. Nc3 a6 6. f4 e5 7. Nf3 Nbd7 8. Bd3 Be7 9. O-O O-O 10. Kh1 b5 11. a3 Bb7 12. Qe1 Qc7 13. fxe5 dxe5 14.
Nh4 g6 15. Bh6 Rfd8 16. Nf5 gxf5 17. Qg3+ Ng4 18. Rxf5 Nf6 19. Raf1 Kh8 20. Rxf6 Rg8 21. Qh4 Nxf6 22. Bg5 Rg6 23. Bxf6+ Rxf6 24. Rxf6 Qd8 25.
Nd5 Bxf6 26. Nxf6 Kg7 27. Qg5+ Kh8 28. Qxe5 Qb8 29. Qh5 Kg7 30. Qg5+ Kf8 31. e5 Qd8 32. Nxh7+ Ke8 33. Nf6+ Ke7 34. h4 Qh8 35. Bf5 Kd8 36. Ng8+ Kc7 37. Qe7+ Kb6 38. Qd6+ Ka7 39. Qc5+ Kb8 40.
Qd6+ Ka7 41. Qc5+ Kb8 42. Qd6+ Ka7 1/2-1/2

[Event "Early-Titled-Tuesday-Blitz-October-10-2023"]
[Site "Chess.com"]
[Date "2023.10.10"]
[Round "3"]
[White "Krlence"]
[Black "djano"]
[Result "0-1"]
[WhiteElo "2423"]
[BlackElo "2671"]
[TimeControl "180+1"]
[EndTime "8:28:08 PDT"]
[Termination "djano won by resignation"]

1. e4 c5 2. Nf3 Nc6 3. d4 cxd4 4.
Nxd4 g6 5. Nc3 Bg7 6. Be3 Nf6 7. Bc4 O-O 8. Bb3 Re8 9. O-O d6 10. h3 Na5 11. Qd2 b6 12. Qd3 Bb7 13. Rad1 Rc8 14. Rfe1 Nd7 15. Qe2 Nc5 16. Bg5 Naxb3 17. axb3 Bxd4 18.
Rxd4 Ne6 19. Qd2 Nxd4 20. Qxd4 e5 21. Qd2 f6 22. Be3 Qe7 23. Rd1 Red8 24. Ra1 Bc6 25. b4 Qf7 26. b5 Ba8 27. f3 f5 28. Bg5 Rd7 29. h4 d5 30. exd5 Bxd5 31. Qe3 e4 32.
fxe4 Bxe4 33. Nxe4 fxe4 34. Qxe4 Qf5 35. Qxf5 gxf5 36.
c3 Rc5 37. Re1 Kf7 38. Re2 Rxb5 39. Kf2 Rbd5 40. Kf3 Rd3+ 41. Kf4 Rd2 42. Re5 Rxb2 43. Rxf5+ Ke6 44. Re5+ Kd6 45. Re8 Rf7+ 46. Kg3 Rb3 47.
Rd8+ Kc5 48. Rc8+ Kb5 49. Kg4 a5 50. g3 a4 51. h5 a3 52. h6 Ra7 53. c4+ Ka4 54.
Bf6 a2 55. Rg8 Rb4 56. Rg7 Rxc4+ 57. Kg5 Ra5+ 0-1

[Event "Early-Titled-Tuesday-Blitz-October-10-2023"]
[Site "Chess.com"]
[Date "2023.10.10"]
[Round "3"]
[White "Dewarfd"]
[Black "InitiatingASC"]
[Result "0-1"]
[WhiteElo "2061"]
[BlackElo "2333"]
[TimeControl "180+1"]
[EndTime "8:28:09 PDT"]
[Termination "InitiatingASC won on time"]

1. d4 d5 2. e3 c5 3. dxc5 e6 4.
Nf3 Bxc5 5. c4 Nf6 6. cxd5 exd5 7. Bb5+ Nc6 8. O-O O-O 9. a3 Bd6 10. b4 Bc7 11. Bb2 Qd6 12. Nbd2 Bg4 13. Be2 Rad8 14.
h3 Bh5 15. Rc1 a6 16. Qc2 Bb8 17. Qc5 Qe6 18. b5 Ba7 19. Qc3 d4 20. Nxd4 Nxd4 21.
Bxh5 Nxb5 22. Qb4 Nxh5 23. a4 Nd6 24. Nf3 b5 25. Rc6 bxa4 26. Rxa6 Bb8 27. Qxa4 Qc4 28. Qa1 Ne4 29. Rc1 Qe2 30. Rf1 Nd2 31. Nxd2 Rxd2 32. Bd4 Ng3 0-1

[Event "Early-Titled-Tuesday-Blitz-October-10-2023"]
[Site "Chess.com"]
[Date "2023.10.10"]
[Round "3"]
[White "CheckThis4"]
[Black "artooon"]
[Result "1-0"]
[WhiteElo "2719"]
[BlackElo "2993"]
[TimeControl "180+1"]
[EndTime "8:28:11 PDT"]
[Termination "CheckThis4 won on time"]

1. e4 c5 2. Nc3 Nc6 3. Bb5 Nd4 4. Bc4 e6 5. Nge2 Nf6 6. O-O d5 7. exd5 exd5 8. Nxd5 Nxd5 9. Nxd4 cxd4 10. Qh5 Be6 11. Re1 Be7 12. Rxe6 g6 13. Qe5 Rg8 14. Rxe7+ Nxe7 15. d3 Rc8 16. Bb5+ Rc6 17. Bxc6+ bxc6 18. Bg5 h6 19. Bxe7 Qxe7 20. Qb8+ Qd8 21. Re1+ Kd7 22.
Qxa7+ Kd6 23. Qxd4+ Kc7 24. Qa7+ Kd6 25. Qxf7 Rf8 26.
Qxg6+ Kc5 27. Qxh6 Kb6 28. Qe3+ Ka6 29. g3 Qf6 30. b3 Qf5 31. h4 Qf6 32. Qc5 Rf7 33.
a4 Qf3 34. a5 Rb7 35. Re6 Rb5 36. Qxc6+ Kxa5 37. Qxf3 1-0

[Event "Early-Titled-Tuesday-Blitz-October-10-2023"]
[Site "Chess.com"]
[Date "2023.10.10"]
[Round "3"]
[White "lefonghua"]
[Black "ChainedDowntohell"]
[Result "1-0"]
[WhiteElo "2608"]
[BlackElo "2426"]
[TimeControl "180+1"]
[EndTime "8:28:11 PDT"]
[Termination "lefonghua won on time"]

1. d4 Nf6 2. c4 e6 3. Nc3 Bb4 4. f3 d5 5. a3 Bxc3+ 6. bxc3 c5 7. cxd5 exd5 8. e3 Qc7 9. Bd2 O-O 10. Bd3 b6 11.
Ne2 Ba6 12. Bxa6 Nxa6 13. O-O Rfe8 14. Ng3 h5 15. Re1 Rad8 16. Ra2 g6 17. Bc1 Re6 18.
Rae2 Rde8 19. Bb2 Nb8 20. Nh1 Nc6 21. Nf2 cxd4 22. cxd4 Na5 23. e4 Qc4 24. e5 Nh7 25. Nd3 Rc6 26. f4 Nf8 27. f5 gxf5 28. Re3 Rg6 29.
Qxh5 Ne6 30. Qxf5 Nxd4 31. Bxd4 Qxd4 32. Nf4 Nc4 33. Nxg6 Nxe3 34. Qf2 fxg6 35. Qxe3 Qxe3+ 36. Rxe3 Kf7 37. Rf3+ Ke6 38. Rf6+ Kxe5 39. Rxg6 d4 40. Kf2 Kd5 41. Rg7 a5 42. h4 d3 43. Rd7+ Kc4 44. h5 Kc3 45. g4 d2 46. h6 1-0

[Event "Early-Titled-Tuesday-Blitz-October-10-2023"]
[Site "Chess.com"]
[Date "2023.10.10"]
[Round "3"]
[White "HanSchut"]
[Black "banane_verte"]
[Result "1-0"]
[WhiteElo "2358"]
[BlackElo "2513"]
[TimeControl "180+1"]
[EndTime "8:28:15 PDT"]
[Termination "HanSchut won on time"]

1. e4 e6 2. d4 d5 3. e5 c5 4. c3 Nc6 5. Nf3 Bd7 6. Be2 f6 7. O-O fxe5 8. Nxe5 Nxe5 9. dxe5 Qc7 10. f4 Ne7 11.
Kh1 O-O-O 12. b4 Nf5 13. a3 Kb8 14. Bd3 g6 15. Bxf5 gxf5 16. Be3 h5 17. Nd2 Bb5 18.
Re1 Be7 19. Nb3 Ba4 20. Qb1 Bxb3 21. Qxb3 Rdg8 22. Rab1 h4 23. bxc5 h3 24. g3 d4 25.
cxd4 Bxc5 26. Qxe6 Bxa3 27. Qb3 Rg7 28. d5 Qa5 29. e6 Rd8 30. Bd4 Rh7 31. Be5+ Ka8 32. Ra1 Qd2 33. Qa2 Qd3 34. Rad1 Qf3+ 35. Kg1 Bc5+ 36.
Bd4 Bxd4+ 37. Rxd4 Rc7 38. Qf2 1-0

[Event "Early-Titled-Tuesday-Blitz-October-10-2023"]
[Site "Chess.com"]
[Date "2023.10.10"]
[Round "3"]
[White "frederiksvane"]
[Black "ArtemDyachuk"]
[Result "1-0"]
[WhiteElo "2889"]
[BlackElo "2663"]
[TimeControl "180+1"]
[EndTime "8:28:16 PDT"]
[Termination "frederiksvane won on time"]

1. c4 e5 2. g3 c6 3. d4 exd4 4. Nf3 Nf6 5. Nxd4 d6 6. Bg2 Be7 7. O-O O-O 8. Nc3 Nbd7 9. b3 Ne5 10. h3 Re8 11. f4 Ng6 12. e4 Bf8 13. Be3 Bd7 14.
Qd2 Qc7 15. Rad1 Rad8 16. Bf2 Bc8 17. Rfe1 h5 18. Qc1 Qb8 19. Nf3 a6 20. Bb6 Rd7 21. Bd4 Rde7 22. Bxf6 gxf6 23. Nd4 Bh6 24. h4 Bg4 25. Nf5 Bxf5 26. exf5 Nf8 27. Bf3 b5 28. Rxe7 Rxe7 29. Qd2 bxc4 30. bxc4 Qb4 31. Kg2 Qxc4 32.
Qxd6 Rd7 33. Qxc6 Qxc6 34. Bxc6 Rc7 35. Rd6 Kg7 36. Nd5 Ra7 37. Nxf6 Rc7 38. Ne8+ 1-0

[Event "Early-Titled-Tuesday-Blitz-October-10-2023"]
[Site "Chess.com"]
[Date "2023.10.10"]
[Round "3"]
[White "kirillshevchenko"]
[Black "astralpulse"]
[Result "1-0"]
[WhiteElo "2970"]
[BlackElo "2696"]
[TimeControl "180+1"]
[EndTime "8:28:17 PDT"]
[Termination "kirillshevchenko won on time"]

1. c4 e6 2. g3 d5 3. Bg2 Nf6 4.
Nf3 Be7 5. O-O O-O 6. b3 a5 7.
Nc3 d4 8. Nb5 Nc6 9. e3 e5 10. Bb2 Bc5 11. exd4 exd4 12. Re1 a4 13. bxa4 Be6 14. d3 Qd7 15. a3 Rae8 16. Qc2 h6 17.
Ne5 Nxe5 18. Rxe5 b6 19. Na7 Ng4 20. Re2 Qd6 21. Rae1 Ra8 22. Nb5 Qd7 23. Bxa8 Rxa8 24. Rxe6 fxe6 25. Qe2 c6 26. Qxg4 cxb5 27. axb5 Re8 28.
a4 Qf7 29. Qe4 e5 30. h4 Bb4 31. Re2 Kf8 32. Qc6 Bc5 33. a5 e4 34. Rxe4 Rxe4 35.
Qxe4 bxa5 36. Qa8+ Qe8 37. Qxa5 Qe2 38. Qd8+ Kf7 39. Qd5+ Ke8 40. Qxc5 Qxb2 41. Qe5+ Kf7 42. Kg2 Qc1 43. Qf4+ 1-0

[Event "Early-Titled-Tuesday-Blitz-October-10-2023"]
[Site "Chess.com"]
[Date "2023.10.10"]
[Round "3"]
[White "McCarthyStone"]
[Black "djokovic74"]
[Result "0-1"]
[WhiteElo "2401"]
[BlackElo "2748"]
[TimeControl "180+1"]
[EndTime "8:28:17 PDT"]
[Termination "djokovic74 won by resignation"]

1. e4 e6 2. b3 d5 3. Bb2 dxe4 4. Nc3 Nf6 5. g4 e5 6. h3 Nc6 7. Bg2 Be6 8. Nxe4 Nd5 9. Ne2 h6 10. d4 exd4 11. Nxd4 Nxd4 12. Qxd4 Nf4 13. Bf3 Qxd4 14. Bxd4 O-O-O 15. O-O-O b6 16. Ng3 Ba3+ 17. Bb2 Bxb2+ 18. Kxb2 Rxd1 19. Rxd1 Nxh3 20. Nh5 Nxf2 21. Rd4 g6 22. Nf6 c5 23. Ra4 a5 24. Bd5 Rd8 25. Bxe6+ fxe6 26. Rf4 Nh3 27. Re4 Ng5 28. Re2 Rf8 29. Ne4 Nxe4 30.
Rxe4 Kd7 31. a3 Kd6 32. b4 axb4 33. axb4 e5 34. bxc5+ bxc5 35. Ra4 Rf6 36. Kc3 Rf3+ 37. Kd2 Rf6 38. Ke3 g5 39. Ra6+ Ke7 40. Ra5 Rf4 41. Rxc5 Rxg4 42. Rxe5+ Kf6 43. Ra5 Rg1 44. c4 h5 45. c5 h4 46. Kd4 h3 47. Ra6+ Kf5 48. Ra2 g4 49. c6 Rc1 50. Kd5 g3 51. Ra3 h2 52. Rf3+ Kg4 53. Rf8 h1=Q+ 54. Kd6 Qxc6+ 55.
Ke7 Qc5+ 56. Kf7 Qxf8+ 57. Kxf8 g2 0-1

[Event "Early-Titled-Tuesday-Blitz-October-10-2023"]
[Site "Chess.com"]
[Date "2023.10.10"]
[Round "3"]
[White "Haykoooo0o"]
[Black "SaqoChess_Twitch"]
[Result "0-1"]
[WhiteElo "2443"]
[BlackElo "2621"]
[TimeControl "180+1"]
[EndTime "8:28:17 PDT"]
[Termination "SaqoChess_Twitch won on time"]

1. Nf3 d5 2. e3 e6 3. c4 c5 4.
b3 Nc6 5. Bb2 Nf6 6. Be2 Be7 7.
O-O O-O 8. d4 cxd4 9. Nxd4 Nxd4 10.
Qxd4 dxc4 11. Bxc4 Qxd4 12. Bxd4 Rd8 13. Be2 Bd7 14.
Bf3 Bc6 15. Bxc6 bxc6 16. Rc1 c5 17. Bb2 a5 18. Nc3 Rd2 19. Rab1 Rc8 20. Na4 Ng4 21. Rd1 Rc2 22. Rbc1 Re2 23. Rd7 Bh4 24. g3 Bf6 25. Bxf6 gxf6 26. h3 Nxf2 27. Kf1 Rxa2 28. Rxc5 Rxc5 29.
Nxc5 Nxh3 30. Ne4 Kg7 31. Nd6 Ng5 32. Ra7 h5 33. Nc4 Ne4 34. Rxa5 Nxg3+ 35. Kg1 Re2 36. Ra7 h4 37. Nd6 h3 38. Rxf7+ Kg6 0-1

[Event "Early-Titled-Tuesday-Blitz-October-10-2023"]
[Site "Chess.com"]
[Date "2023.10.10"]
[Round "3"]
[White "Niilo1"]
[Black "DonCiao"]
[Result "0-1"]
[WhiteElo "2310"]
[BlackElo "2065"]
[TimeControl "180+1"]
[EndTime "8:28:17 PDT"]
[Termination "DonCiao won by resignation"]

1. e4 c5 2. Nf3 Nc6 3. Bb5 g6 4.
Bxc6 dxc6 5. h3 Bg7 6. d3 Nf6 7. O-O Nd7 8. Be3 b6 9. Nc3 e5 10. Nh2 Nf8 11. f4 exf4 12. Bxf4 Ne6 13. Bg3 O-O 14.
Qd2 Qg5 15. Qxg5 Nxg5 16. Rae1 Ne6 17. Nd1 Ba6 18. Ng4 Rad8 19. Nf6+ Kh8 20. Bc7 Nxc7 21.
h4 h5 22. Re3 Bxf6 23. Rxf6 Ne6 24. g4 Kg7 25. e5 Rh8 26. Rg3 hxg4 27. Rxg4 Rh5 28. Re4 Rd4 29. Nf2 Rxe4 30. Nxe4 Rxe5 31. Rf2 f5 32. Nd2 Nd4 33. c3 Ne2+ 34. Kg2 Bxd3 35. Nf3 Re7 36. Ng5 Be4+ 37. Kh2 Bd5 38. Kh3 f4 39. b3 Nxc3 40. Rxf4 Ne4 41. Nf3 Nf6 42.
Ng5 Re3+ 43. Kh2 Re2+ 44. Kh3 Rxa2 45. Rf1 Rb2 46. Re1 Rxb3+ 47. Kh2 Rb2+ 48. Kh3 Bg2+ 49. Kg3 Nh5+ 50. Kg4 Rb4+ 0-1

[Event "Early-Titled-Tuesday-Blitz-October-10-2023"]
[Site "Chess.com"]
[Date "2023.10.10"]
[Round "3"]
[White "dcremisi"]
[Black "seopie"]
[Result "0-1"]
[WhiteElo "2557"]
[BlackElo "2774"]
[TimeControl "180+1"]
[EndTime "8:28:18 PDT"]
[Termination "seopie won by resignation"]

1. d4 Nf6 2. c4 e6 3. Nf3 d5 4. Nc3 c6 5. e3 Nbd7 6. Qc2 a6 7. Bd3 dxc4 8. Bxc4 b5 9. Bd3 c5 10. a4 b4 11. Ne4 Bb7 12. dxc5 Rc8 13. Nxf6+ Qxf6 14. Qe2 Nxc5 15. Bc4 Bd6 16. O-O O-O 17. Bd2 a5 18. b3 Rfd8 19. Rad1 Qh6 20. h3 Qg6 21. Be1 h6 22. Rd4 Bb8 23. Rxd8+ Rxd8 24. Bd2 Qc2 25. Rc1 Qb2 26. Nd4 e5 27. Rc2 Qb1+ 28. Rc1 Qe4 29. Nf3 Nd3 30. Rd1 Nb2 31. Rc1 Nxc4 32.
bxc4 Qc6 33. Qd1 Qd7 34. Rc2 Qxa4 35. Qc1 Qd7 36. c5 Bc6 37. Be1 Qe6 38. Rd2 Rxd2 39.
Qxd2 Qd5 40. Qb2 Qxc5 41. Qb1 Bd6 42. Qf5 Bxf3 43. gxf3 g6 44. Qd7 Bf8 45. Kf1 Qc4+ 46. Kg2 Qc5 47. Qd6 Bxd6 0-1

[Event "Early-Titled-Tuesday-Blitz-October-10-2023"]
[Site "Chess.com"]
[Date "2023.10.10"]
[Round "3"]
[White "LuisFSiles"]
[Black "Roman_Ovetchkin"]
[Result "0-1"]
[WhiteElo "2326"]
[BlackElo "2708"]
[TimeControl "180+1"]
[EndTime "8:28:19 PDT"]
[Termination "Roman_Ovetchkin won on time"]

1. e4 c6 2. d4 d5 3. exd5 cxd5 4.
c4 Nf6 5. Nc3 g6 6. cxd5 Bg7 7.
Bb5+ Nbd7 8. d6 exd6 9. Qe2+ Qe7 10. Bf4 Qxe2+ 11. Bxe2 O-O 12. Bxd6 Re8 13. Nf3 Nb6 14. O-O Nfd5 15. Nxd5 Nxd5 16. Bb5 Rd8 17. Be5 f6 18. Bg3 Be6 19. Rfe1 Bf7 20. a3 Bh6 21. Bh4 Rac8 22. g4 Rc2 23. g5 Bg7 24. gxf6 Bxf6 25. Bxf6 Nxf6 26. Rac1 Rxb2 27. Bc4 Bxc4 28. Rxc4 Nd5 29. Ng5 Rd7 30. Re5 Nf4 31. h4 Kg7 32. Ne6+ Nxe6 33.
Rxe6 Rf7 34. d5 Rbxf2 35. d6 Rd2 36. Re7 Rxd6 37. Rcc7 Rxe7 38. Rxe7+ Kh6 39. Rxb7 Ra6 40. Rb3 Kh5 0-1

[Event "Early-Titled-Tuesday-Blitz-October-10-2023"]
[Site "Chess.com"]
[Date "2023.10.10"]
[Round "3"]
[White "Maxterlopez"]
[Black "CarlosjPineror"]
[Result "1-0"]
[WhiteElo "2791"]
[BlackElo "2501"]
[TimeControl "180+1"]
[EndTime "8:28:19 PDT"]
[Termination "Maxterlopez won by resignation"]

1. e4 c5 2. Nf3 e6 3. d4 cxd4 4.
Nxd4 a6 5. Nc3 Qc7 6. g3 Nf6 7. Bg2 h5 8. O-O h4 9. Re1 hxg3 10.
hxg3 d6 11. a4 Be7 12. a5 Nbd7 13. Nb3 Ne5 14. Na4 Nc4 15. Nd2 Nxa5 16. b3 b5 17.
Nb2 Bb7 18. c4 Nc6 19. Nf3 Ng4 20. Nd3 Qb6 21. Qd2 Bf6 22. Rb1 Nd4 23. Bb2 Nxb3 24. Qc2 Nd4 25. Nxd4 Bxd4 26. cxb5 axb5 27. Bxd4 Qxd4 28.
Rxb5 Ba6 29. Qc6+ Ke7 30. Qc7+ Kf6 31. e5+ dxe5 32. Rb4 Rac8 33. Qa5 Qxd3 34. Rxg4 Qc3 35. Qxc3 Rxc3 36. f4 exf4 37. Rxf4+ Ke7 38. Ra1 Bb5 39. Ra7+ Kd6 40. Raxf7 Rc1+ 41. Kf2 Rc2+ 42. Kg1 g5 43.
Rd4+ Ke5 44. Rd1 Rxg2+ 45. Kxg2 Bc6+ 46. Kf2 Rh2+ 47. Ke3 Rg2 48. Re1 Rxg3+ 49. Kf2+ 1-0